 Dungeon Crawl Stone Soup version 0.31-a0-210-gccc998df9b (webtiles) character file.

Game seed: 5827490365773557644

421 Ekaitz the Gusty (level 6, -3/35 HPs)
             Began as a Tengu Air Elementalist on June 29, 2023.
             Slain by Pikel
             ... wielding a +0 whip of freezing
              (11 damage)
             ... on level 4 of the Dungeon.
             The game lasted 00:09:43 (4123 turns).

Ekaitz the Gusty (Tengu Air Elementalist)           Turns: 4123, Time: 00:09:43

Health: -3/35      AC:  3    Str: 11    XL:     6   Next: 94%
Magic:  8/12       EV: 15    Int: 15    God:
Gold:   335        SH:  0    Dex: 14    Spells: 5/11 levels left

rFire   . . .        x - +2 hand axe (elec)
rCold   . . .        (no shield)
rNeg    . . .        a - +0 robe
rPois   .            i - +1 hat
rElec   .            (no cloak)
rCorr   .            (no gloves)
SInv    .            (boots unavailable)
Will    .....        u - amulet of the acrobat
Stlth   ++           (no ring)
HPRegen 0.25/turn    (no ring)
MPRegen 0.13/turn

%: acrobat
@: flying quickly and evasively, quick
A: beak, talons 3, nimble flight
a: no special abilities


You were on level 4 of the Dungeon.
You visited 1 branch of the dungeon, and saw 4 of its levels.
You also visited: Sewer.

You collected 335 gold pieces.

Inventory:

Hand Weapons
 e - a +1 dagger of speed
 s - a +2 spear of venom
 w - a +1 orcbow of flaming
 x - a +2 hand axe of electrocution (weapon)
Missiles
 p - 4 silver javelins
Armour
 a - a +0 robe (worn)
 i - a +1 hat (worn)
Jewellery
 g - a ring of ice
 u - an amulet of the acrobat (around neck)
Scrolls
 f - a scroll of enchant armour {unknown}
 h - a scroll of poison {unknown}
 k - a scroll of butterflies {unknown}
 l - 2 scrolls of fog {unknown}
 n - 2 scrolls of noise {unknown}
 q - 2 scrolls of immolation {unknown}
 r - a scroll of identify {unknown}
 t - a scroll of enchant weapon {unknown}
Potions
 b - a potion of magic
 c - a potion of resistance {unknown}
 d - 4 potions of enlightenment {unknown}
 j - 4 potions of heal wounds {unknown}
 m - 3 potions of haste
 o - a potion of curing {unknown}
 v - a potion of attraction {unknown}


   Skills:
 * Level 2.0 Fighting
 + Level 0.2 Short Blades
 * Level 3.4 Dodging
 + Level 2.5 Stealth
 + Level 3.3 Spellcasting
 * Level 4.7 Conjurations
 * Level 5.9 Air Magic


You had 5 spell levels left.
You knew the following spells:

 Your Spells              Type           Power      Damage    Failure   Level
a - Shock                 Conj/Air       72%        1d7       2%          1
b - Static Discharge      Conj/Air       36%        2-4/arc   3%          2
w - Swiftness             Air            20%        N/A       4%          3

Your spell library contained the following spells:

 Spells                   Type           Power      Damage    Failure   Level
 Poisonous Vapours        Pois/Air       22%        N/A       9%          2
 Mephitic Cloud           Conj/Pois/Air  13%        N/A       14%         3
 Airstrike                Air            10%        2d(2-18)  17%         4
 Lesser Beckoning         Tloc           4%         N/A       28%         2
 Gell's Gravitas          Tloc           2%         N/A       50%         3
 Inner Flame              Hex/Fire       2%         N/A       50%         3
 Teleport Other           Tloc           2%         N/A       50%         3
 Flame Wave               Conj/Fire      9%         2d6       58%         4
 Sticky Flame             Conj/Fire      9%         2d3       58%         4
 Freezing Cloud           Conj/Ice/Air   6%         6-21      77%         5


Dungeon Overview and Level Annotations

Branches:
Dungeon (4/15)              Sewer (visited)
 Temple: D:4-7

Altars:
Trog

Annotations:
D:4 Pikel


Innate Abilities, Weirdness & Mutations

You have a beak for a mouth.
You have claws for feet.
Your magical nature lets you fly swiftly and evasively.


Message History

You kill the rat!
Unknown command.
You hit Pikel. Lightning courses through Pikel! You peck Pikel.
Pikel is moderately wounded.
Pikel hits you with a +0 whip of freezing.
Pikel freezes you.
Pikel hits you with a +0 whip of freezing.
* * * LOW HITPOINT WARNING * * *
Pikel freezes you.
* * * LOW HITPOINT WARNING * * *
There is a collapsed entrance here.
Casting: Static Discharge (safe; 3% risk of failure)
Confirm with . or Enter, or press ? or * to list all spells.
Pikel is struck by an arc of lightning.
Pikel is heavily wounded.
You are struck by an arc of lightning.
* * * LOW HITPOINT WARNING * * *
The lightning grounds out.
Casting: Static Discharge (safe; 3% risk of failure)
Confirm with . or Enter, or press ? or * to list all spells.
Aiming: Shock (safe; 2% risk of failure)
Press: ? - help, Shift-Dir - straight line The zap hits Pikel but does no damage.
Pikel is heavily wounded.
The zap hits Pikel.
Pikel is heavily wounded.
Pikel closely misses you.
Unknown command.
Unknown command.
Casting: Shock (safe; 2% risk of failure)
Confirm with . or Enter, or press ? or * to list all spells.
Aiming: Shock (safe; 2% risk of failure)
Press: ? - help, Shift-Dir - straight line, f - hobgoblin
Aim: a hobgoblin (71% to hit)
The zap misses Pikel.
The zap hits the hobgoblin.
The hobgoblin is almost dead.
The zap hits the lemure.
The lemure is lightly wounded.
Pikel hits you with a +0 whip of freezing!
You die...

#######o######
######....##.#
#.........##.#
#~.~.........#
#...~..(.#.###
#~~~5~~..#g#
#+#g#~r..#.#
#~gK#~.~...#
#~@†#~...###
#~~~#~~..#
##########


You could see Pikel, a lemure and 2 hobgoblins.

Vanquished Creatures
  A water moccasin (Sewer)
  A scorpion (D:4)
  An orc priest (D:3)
  8 adders
  2 river rats (D:4)
  A worm (D:3)
  3 dart slugs
  11 orcs
  7 ball pythons
  10 endoplasms
  7 giant cockroaches
  11 goblins
  10 hobgoblins
  8 jackals
  6 quokkas
  12 bats
  5 frilled lizards
  5 kobolds
  8 rats
117 creatures vanquished.

Notes
Turn   | Place    | Note
-------+----------+-------------------------------------------
     0 | D:1      | Ekaitz the Tengu Air Elementalist began the quest for the
                  | Orb.
     0 | D:1      | Reached XP level 1. HP: 10/10 MP: 4/4
   222 | D:1      | Reached XP level 2. HP: 16/16 MP: 6/6
   227 | D:1      | Learned a level 2 spell: Static Discharge
   437 | D:1      | Reached skill level 1 in Fighting
   598 | D:1      | Reached XP level 3. HP: 12/20 MP: 1/7
   884 | D:1      | Learned a level 3 spell: Swiftness
  1484 | D:2      | Reached XP level 4. HP: 21/25 MP: 1/8
  1746 | D:2      | Found a faded altar of an unknown god.
  2056 | D:2      | Reached skill level 5 in Air Magic
  2313 | D:3      | Gained mutation: Your magical nature lets you fly swiftly
                  | and evasively. [Tengu growth]
  2313 | D:3      | Reached XP level 5. HP: 29/29 MP: 3/10
  3148 | D:3      | Found a bloodstained altar of Trog.
  3597 | D:4      | Reached XP level 6. HP: 28/35 MP: 1/11
  3670 | D:4      | Noticed a black bear
  3817 | D:4      | Noticed Pikel
  3875 | D:4      | Found a glowing drain.
  3886 | Sewer    | Entered a sewer
  4021 | Sewer    | Noticed a water moccasin
  4032 | Sewer    | Killed a water moccasin
  4123 | D:4      | Slain by Pikel

Illustrated notes

Levels and vault maps discovered:
D:1:      dpeg_arrival_leaves_temple_mockup, layout_basic, minmay_pentomino_v4
D:2:      layout_loops_cross, shapermc_ecumenical_altar_mp_ritualfount,
          minmay_misc_feat_doors
D:3:      layout_loops_ring, trog_book, nicolae_figureground_pulse
D:4:      layout_rooms, portal_sewer_entry_e, minmay_circle_x, uniq_pikel

Skill      XL: |  1  2  3  4  5  6 |
---------------+-------------------+-----
Fighting       | 1 2 |  2.0
Conjurations   | 2 3 4 |  4.7
Air Magic      | 5 |  5.9
Spellcasting   | 3 |  3.3
Dodging        | 3 |  3.4
Short Blades   | |  0.2
Stealth        | |  2.5

Action                     |  1- 3 |  4- 6 || total
---------------------------+-------+-------++-------
  Melee: Dagger            |    31 |    57 ||    88
         Kick              |    10 |    15 ||    25
         Peck              |     1 |     6 ||     7
         Punch             |       |     1 ||     1
         Hand axe          |       |     9 ||     9
   Cast: Shock             |    69 |    92 ||   161
         Static Discharge  |     3 |    19 ||    22
   Stab: Sleeping          |     2 |     5 ||     7
 Armour: Robe              |     6 |     7 ||    13
  Dodge: Dodged            |    30 |   110 ||   140

Table legend: (Time is in decaauts)
 A = Elapsed time spent in this place.
 B = Non-inter-level travel time spent in this place.
 C = Inter-level travel time spent in this place.
 D = Time resting spent in this place.
 E = Time spent auto-exploring this place.
 F = Levels seen in this place.
 G = Mean time per level.
                   A        B        C        D        E       F      G
               +--------+--------+--------+--------+--------+-----+--------+
         Total |   3998 |   3944 |     54 |    152 |   2989 |   5 |  799.6 |
       Dungeon |   3785 |   3731 |     54 |     68 |   2923 |   4 |  946.2 |
         Sewer |    213 |    213 |      0 |     84 |     65 |   1 |  213.0 |
               +--------+--------+--------+--------+--------+-----+--------+

Top non-repeatable levels by time:
     D:1: 1340 daAuts
     D:3: 1196 daAuts
     D:2: 934 daAuts
     D:4: 313 daAuts
   Sewer: 213 daAuts
